 Dungeon Crawl Stone Soup version 0.23-b1-49-g13d5857 (webtiles) character file.

Game seed: 13626189796889222385

43 HEYYEYAAE the Bolt Thrower (level 3, -4/24 HPs)
             Began as an Octopode Hunter on Feb 3, 2019.
             Slain by a worker ant (5 damage)
             ... on level 3 of the Dungeon.
             The game lasted 00:01:01 (1239 turns).

HEYYEYAAE the Bolt Thrower (Octopode Hunter)        Turns: 1239, Time: 00:01:01

Health: -4/24      AC:  1    Str:  9 (11) XL:     3   Next: 58%
Magic:  3/3        EV: 13    Int: 12 (13) God:
Gold:   112        SH:  0    Dex: 11 (13) Spells: 2/2 levels left

rFire    + . .     SeeInvis .   a - +1 hand crossbow
rCold    + . .     Gourm    .   (no shield)
rNeg     . . .     Faith    .   (helmet restricted)
rPois    +         Spirit   .   (no amulet)
rElec    +         Reflect  .   (no ring)
rCorr    +         Harm     .   (no ring)
MR       .....                  (no ring)
Stlth    +++.......             (no ring)
HPRegen  0.08/turn              (no ring)
MPRegen  0.08/turn              (no ring)
                                (no ring)
                                (no ring)

@: lethally poisoned (-4 -> -18), resistant
A: almost no armour, stealthy swim, amphibious, 8 rings, constrict 8, camouflage
1, gelatinous body 1
a: no special abilities


You were on level 3 of the Dungeon.
You were hungry.

You visited 1 branch of the dungeon, and saw 3 of its levels.

You collected 112 gold pieces.

Inventory:

Hand Weapons
 a - a +1 hand crossbow (weapon)
 b - a +0 short sword
 f - a cursed +0 mace
 j - a +2 dagger of protection
Missiles
 c - 19 bolts (quivered)
Scrolls
 e - a scroll of remove curse {unknown}
 h - a scroll of random uselessness {unknown}
 i - 2 scrolls of blinking {unknown}
 l - a scroll of teleportation {unknown}
Potions
 g - a potion of flight {unknown}
Comestibles
 d - 4 rations


   Skills:
 - Level 2.0 Fighting
 + Level 5.2 Crossbows
 - Level 2.0 Dodging
 - Level 1.3 Stealth


You had 2 spell levels left.
You didn't know any spells.
Your spell library was empty.

Dungeon Overview and Level Annotations

Branches:
Dungeon (2/15)

Altars:
Elyvilon


Innate Abilities, Weirdness & Mutations

You cannot wear most types of armour.
You are very stealthy in the water. (Stealth+)
You are amphibious.
You can wear up to eight rings at the same time.
You can use your tentacles to constrict eight enemies at once.
Your skin changes colour to match your surroundings (Stealth+).
Your rubbery body absorbs attacks. (AC +1, EV +1)


Message History

You are too injured to fight recklessly!
You are too injured to fight recklessly!
You are too injured to fight recklessly!
You are too injured to fight recklessly!
Unknown command.
You feel sick.
It was a potion of degeneration.
There was something very wrong with that liquid.
You feel weakened.
You feel dopey.
You feel clumsy. The worker ant bites you!
* * * LOW HITPOINT WARNING * * *
You are more poisoned.
The worker ant poisons you!
It was a potion of resistance.
You feel protected.
* * * LOW HITPOINT WARNING * * *
You feel sick.
The worker ant bites you but does no damage.
The worker ant bites you.
You die...

............##.##...### #.....>.#
.#######..##...##.#...###......##
.# ## #....>....>.............##
.#######...#####.#####..#........
...'_+...### #.# ##........##
.###+###.# #.### ###.......# .#
#.# #.# #...###.....###.#
.###.###.# ####..#..##.##
..(......# #.@a....###.#
......#### #...###w### #.#
....### #### #.(.....# ....#
...$....# ##### ....w.....
#.......... #..........
#.......... #.........(


You could see a worm and a worker ant.

Vanquished Creatures
  An adder (D:3)
  A dart slug (D:3)
  2 leopard geckos
  A giant cockroach (D:1)
  4 hobgoblins
  4 jackals (D:1)
  3 bats
  A frilled lizard (D:1)
  2 goblins
  4 kobolds
  6 rats
29 creatures vanquished.

Notes
Turn   | Place    | Note
-------+----------+-------------------------------------------
     0 | D:1      | HEYYEYAAE the Octopode Hunter began the quest for the Orb.
     0 | D:1      | Reached XP level 1. HP: 14/14 MP: 1/1
    87 | D:1      | Reached XP level 2. HP: 14/19 MP: 2/2
   946 | D:2      | You fall through a shaft!
   961 | D:3      | Reached XP level 3. HP: 24/24 MP: 3/3
  1068 | D:3      | Found a white marble altar of Elyvilon.
  1081 | D:3      | Reached skill level 5 in Crossbows
  1239 | D:3      | HP: 1/24 [poisoned by a worker ant]
  1239 | D:3      | Slain by a worker ant

Skill      XL: |  1  2  3 |
---------------+----------+-----
Crossbows      | 5 |  5.2
Fighting       | |  2.0
Dodging        | |  2.0
Stealth        | |  1.3

Action                   || total
-------------------------++-------
 Fire: Hand crossbow     ||    76
  Use: Potion            ||     2
Armor: Skin              ||     4
Dodge: Dodged            ||    31
